 Dungeon Crawl Stone Soup version 0.28-a0-769-g550dbda0cd (webtiles) character file.

Game seed: 2273218133554726563

284 flotson the Sneak (level 6, -6/49 HPs)
             Began as a Demonspawn Delver on Nov 1, 2021.
             Mangled by Pikel (7 damage)
             ... on level 3 of the Dungeon.
             The game lasted 00:09:47 (4334 turns).

flotson the Sneak (Demonspawn Delver)               Turns: 4334, Time: 00:09:48

Health: -6/49      AC:  6    Str: 15    XL:     6   Next: 7%
Magic:  0/6        EV: 15    Int: 11    God:
Gold:   165        SH:  0    Dex: 14    Spells: 5/5 levels left

rFire   . . .      SeeInvis .   a - +0 war axe
rCold   . . .      Faith    .   (no shield)
rNeg    . . .      Spirit   +   e - +0 ring mail
rPois   .          Reflect  .   (no helmet)
rElec   .          Harm     .   (no cloak)
rCorr   .          Rampage  .   (no gloves)
Will    .....                   (no boots)
Stlth   ++........              (no amulet)
HPRegen 0.16/turn               m - +4 ring of evasion
MPRegen 0.20/turn               (no ring)

@: mighty
A: magic shield, magic regeneration, sharp scales 1
a: no special abilities


You were on level 3 of the Dungeon.
You visited 1 branch of the dungeon, and saw 5 of its levels.

You collected 165 gold pieces.

Inventory:

Hand Weapons
 a - a +0 war axe (weapon)
 b - a +0 hunting sling
Missiles
 d - 21 stones
 i - 6 boomerangs
 k - 12 sling bullets
 n - a poisoned dart (quivered)
Armour
 e - a +0 ring mail (worn)
Jewellery
 m - a +4 ring of evasion (left hand)
Wands
 g - a wand of digging (3)
Scrolls
 c - a scroll of fog
 j - 2 scrolls of identify {unknown}
 p - a scroll of vulnerability {unknown}
 s - a scroll of teleportation {unknown}
 u - 3 scrolls of summoning {unknown}
 v - a scroll of silence {unknown}
 w - a scroll of immolation {unknown}
Potions
 f - a potion of might
 h - 2 potions of brilliance {unknown}
 l - a potion of lignification {unknown}
 o - a potion of berserk rage {unknown}
 q - 2 potions of resistance {unknown}
 r - 2 potions of flight {unknown}
 t - a potion of mutation {unknown}


   Skills:
 + Level 4.3 Fighting
 - Level 1.7 Axes
 + Level 2.4 Throwing
 + Level 2.4 Armour
 + Level 3.2 Dodging
 - Level 4.5 Stealth


You had 5 spell levels left.
You didn't know any spells.
Your spell library contained the following spells:

 Spells                   Type           Power      Damage    Failure   Level
 Call Canine Familiar     Summ           0%         N/A       90%         3
 Portal Projectile        Hex/Tloc       0%         N/A       90%         3
 Leda's Liquefaction      Hex/Erth       0%         N/A       100%        4


Dungeon Overview and Level Annotations

Branches:
Dungeon (5/15)             Temple (0/1) D:5

Altars:
Elyvilon
Fedhas
Qazlal
Uskayaw
Zin
The Shining One

Shops:
D:3 (=

Annotations:
D:3 Pikel


Innate Abilities, Weirdness & Mutations

When hurt, damage is shared between your health and your magic reserves.
You regenerate magic rapidly.
You are partially covered in razor-sharp scales. (AC +1, Slay +1)


Message History

You throw a poisoned dart. The poisoned dart hits Pikel.
Pikel is poisoned.
Pikel is severely wounded.
Pikel closely misses you.
You see here a poisoned dart.
n - 2 poisoned darts (gained 1) Pikel hits you but does no damage.
Throw: 2 darts (poison)
Press: ? - help, Q - select action, (/) - cycle Shift-Dir - straight line, f/p - Pikel
Aim: Pikel, wielding a +1 whip of freezing and wearing a +0 robe (severely wounded, poisoned, 56% to hit)
You throw a poisoned dart. The poisoned dart barely misses Pikel.
Pikel looks more healthy.
Pikel hits you with a +1 whip of freezing.
* * * LOW HITPOINT WARNING * * *
Pikel freezes you.
* * * LOW HITPOINT WARNING * * *
You see here a stone.
You see here a stone.
Pikel says, "I touched Geryon's horn once."
You see here a poisoned dart.
n - 2 poisoned darts (gained 1) Pikel hits you with a +1 whip of freezing.
* * * LOW HITPOINT WARNING * * *
Pikel freezes you.
* * * LOW HITPOINT WARNING * * *
Throw: 2 darts (poison)
Press: ? - help, Q - select action, (/) - cycle Shift-Dir - straight line, f/p - Pikel
Aim: Pikel, wielding a +1 whip of freezing and wearing a +0 robe (severely wounded, 56% to hit)
You throw a poisoned dart. The poisoned dart misses Pikel.
Pikel hits you with a +1 whip of freezing.
* * * LOW HITPOINT WARNING * * *
Pikel freezes you.
Pikel cracks his whip.
Pikel hits you with a +1 whip of freezing.
* * * LOW HITPOINT WARNING * * *
Pikel freezes you.
* * * LOW HITPOINT WARNING * * *
It was a potion of might.
You feel very mighty all of a sudden.
Pikel hits you with a +1 whip of freezing!
You die...

#.#####.########### ##.#.#.# #.#
#...........####....#.# #.#
#....#####............# #.#
##.#.........####....#.# #.#
#.........##.#####(#.#.# #.##
#.....##.........((#.#.# #..#
#...(.....##.#####.#.#.. ##
##.###.....###.##.# ##......
.####.#.##..#...@.#...# ##....#..
.....###..(.#..K##.##.###.#.#.###
.####.#.##.##..(.....(.....(.....
## ##.###(##...##.##...#.#.#.###
# #.# #.##.>.##.####.##...## #
#.# #..(......# #.###.## #
##)######...##### #.###.#
#####.#.##..........###..##.#####
.....###.....(..............(....


You could see Pikel.

Vanquished Creatures
  Menkaure (D:4)
  2 lemures (D:4)
  A centaur skeleton (D:4)
  A hound skeleton (D:4)
  An adder (D:2)
  A worm (D:4)
  4 dart slugs
  5 orcs (D:4)
  6 endoplasms
  3 giant cockroaches
  14 goblins
  4 hobgoblins
  10 jackals
  5 quokkas
  8 ball pythons
  6 bats
  3 frilled lizards
  5 kobolds
  6 rats
86 creatures vanquished.

Notes
Turn   | Place    | Note
-------+----------+-------------------------------------------
     0 | D:5      | flotson the Demonspawn Delver began the quest for the Orb.
     0 | D:5      | Reached XP level 1. HP: 18/18 MP: 1/1
    89 | D:5      | Noticed an orc wizard
    89 | D:5      | Noticed an orc wizard
   100 | D:5      | Noticed a water moccasin zombie
   105 | D:4      | Noticed an orc wizard
   117 | D:5      | Found a blossoming altar of Fedhas.
   120 | D:4      | Noticed Menkaure
   406 | D:3      | Found Qiluumpi's Antique Weapon Shop.
   652 | D:2      | Gained mutation: You regenerate magic rapidly. [demonic
                  | ancestry]
   652 | D:2      | Reached XP level 2. HP: 24/24 MP: 2/2
   707 | D:2      | Found a faded altar of an unknown god.
   859 | D:1      | Reached skill level 1 in Armour
   950 | D:1      | Reached skill level 1 in Throwing
   950 | D:1      | Reached XP level 3. HP: 28/29 MP: 3/3
  1695 | D:2      | Reached XP level 4. HP: 36/36 MP: 4/4
  2203 | D:3      | Found a large runed translucent door.
  2205 | D:3      | Found a large runed translucent door.
  2477 | D:3      | Found Veolewel's Jewellery Emporium.
  2598 | D:3      | Found a stormy altar of Qazlal.
  2619 | D:3      | Found a hide-covered altar of Uskayaw.
  2668 | D:4      | HP: 1/37 [Menkaure (7)]
  2669 | D:4      | Killed Menkaure
  2670 | D:4      | Gained mutation: When hurt, damage is shared between your
                  | health and your magic reserves. [demonic ancestry]
  2670 | D:4      | Reached XP level 5. HP: 1/42 MP: 5/5
  3066 | D:4      | Noticed a lemure
  3066 | D:4      | Noticed a lemure
  3091 | D:4      | Killed a lemure
  3204 | D:4      | Noticed a lemure
  3238 | D:4      | Killed a lemure
  3451 | D:4      | Gained mutation: You are partially covered in razor-sharp
                  | scales. (AC +1, Slay +1) [demonic ancestry]
  3451 | D:4      | Reached XP level 6. HP: 48/48 MP: 6/6
  3603 | D:4      | Noticed Pikel
  4333 | D:3      | HP: 1/49 [Pikel (2)]
  4334 | D:3      | Mangled by Pikel

Illustrated notes

Levels and vault maps discovered:
D:1:      dpeg_arrival_arbitrary_c, layout_loops_cross
D:2:      layout_rooms, dreamdust_ecumenical_altar_hidden_monk_grotto
D:3:      layout_loops_ring, jmf_multi_god_temple2, serial_shops, shop, shop
D:4:      kennysheep_the_goblin_king, layout_basic, good_gods_mini_temple,
          kennysheep_generic_room_12, uniq_pikel, uniq_menkaure
D:5:      layout_basic, grunt_dithmenos_smoke_and_mirrors,
          mainiacjoe_overflow_alcove_2, nicolae_wu_jian_wuxing_cycle,
          nicolae_ru_sacrificial_ziggurat, temple_statues

Skill      XL: |  1  2  3  4 |
---------------+-------------+-----
Dodging        | 2 3 |  3.2
Armour         | 1 2 |  2.4
Throwing       | 1 2 |  2.4
Fighting       | 4 |  4.3
Axes           | |  1.7
Stealth        | |  4.5

Action                   |  1- 3 |  4- 6 || total
-------------------------+-------+-------++-------
Melee: War axe           |     5 |    18 ||    23
       Hunting sling     |       |     1 ||     1
 Fire: Hunting sling     |   149 |   198 ||   347
Throw: Dart              |       |    16 ||    16
       Stone             |       |     4 ||     4
  Use: Scroll            |     2 |       ||     2
       Potion            |     1 |     1 ||     2
Armor: Leather armour    |    11 |       ||    11
       Ring mail         |     4 |    34 ||    38
Dodge: Dodged            |    58 |    97 ||   155

Table legend: (Time is in decaauts)
 A = Elapsed time spent in this place.
 B = Non-inter-level travel time spent in this place.
 C = Inter-level travel time spent in this place.
 D = Time resting spent in this place.
 E = Time spent auto-exploring this place.
 F = Levels seen in this place.
 G = Mean time per level.
                   A        B        C        D        E       F      G
               +--------+--------+--------+--------+--------+-----+--------+
         Total |   4377 |   4191 |    186 |      0 |   3031 |   5 |  875.4 |
       Dungeon |   4377 |   4191 |    186 |      0 |   3031 |   5 |  875.4 |
               +--------+--------+--------+--------+--------+-----+--------+

Top non-repeatable levels by time:
     D:4: 1413 daAuts
     D:3: 1365 daAuts
     D:1: 844 daAuts
     D:2: 640 daAuts
     D:5: 114 daAuts
